 Dungeon Crawl Stone Soup version 0.26-a0-712-ga5a9c9c9d0 (webtiles) character file.

Game seed: 9782727826916643411

284 Azzok the Chopper (level 6, 47/47 HPs)
             Began as a Demonspawn Berserker on Nov 7, 2020.
             Was a Priest of Trog.
             Quit the game on level 4 of the Dungeon.
             The game lasted 00:04:43 (3316 turns).

Azzok the Chopper (Demonspawn Berserker)            Turns: 3316, Time: 00:04:44

Health: 47/47      AC: 13    Str: 20    XL:     6   Next: 7%
Magic:  6/6        EV:  8    Int:  8    God:    Trog [***...]
Gold:   111        SH:  0    Dex: 12    Spells: 5/5 levels left

rFire    . . .     SeeInvis .   l - +2 dagger (venom)
rCold    + . .     Faith    .   (no shield)
rNeg     . . .     Spirit   +   f - +0 chain mail
rPois    .         Reflect  .   g - +0 helmet
rElec    .         Harm     .   (no cloak)
rCorr    .         Rampage  .   o - +0 pair of gloves
MR       .....                  r - +0 pair of boots
Stlth    ..........             (no amulet)
HPRegen  0.15/turn              (no ring)
MPRegen  0.10/turn              (no ring)

@: no status effects
A: talons 1, yellow scales 1, cold resistance 1, magic shield
a: Berserk, Trog's Hand, Renounce Religion


You were on level 4 of the Dungeon.
You worshipped Trog.
Trog was most pleased with you.
You visited 1 branch of the dungeon, and saw 4 of its levels.

You collected 111 gold pieces.

Inventory:

Hand Weapons
 a - a +0 hand axe
 l - a +2 dagger of venom (weapon)
Armour
 f - a +0 chain mail (worn)
 g - a +0 helmet (worn)
 o - a +0 pair of gloves (worn)
 r - a +0 pair of boots (worn)
Jewellery
 n - an uncursed amulet of faith {unknown}
Scrolls
 b - 5 scrolls of teleportation {unknown}
 c - 3 scrolls of remove curse {unknown}
 d - 2 scrolls of immolation {unknown}
 e - 4 scrolls of identify {unknown}
 j - a scroll of amnesia {unknown}
Potions
 h - a potion of curing {unknown}
 i - a potion of invisibility {unknown}
 k - 2 potions of degeneration {unknown}
 m - a potion of lignification {unknown}
 p - a potion of cancellation {unknown}
 q - a potion of stabbing {unknown}


   Skills:
 - Level 3.0 Fighting
 + Level 6.2 Axes
 - Level 1.7 Armour
 - Level 1.7 Dodging


You had 5 spell levels left.
You didn't know any spells.
Your spell library was empty.

Dungeon Overview and Level Annotations

Branches:
Dungeon (4/15)
 Temple: D:4-7

Altars:


Innate Abilities, Weirdness & Mutations

You have sharp toenails.
You are partially covered in yellow scales. (AC +2)
Your flesh is cold resistant. (rC+)
When hurt, damage is shared between your health and your magic reserves.


Message History

The bullfrog skeleton is severely damaged.
The bullfrog skeleton hits you but does no damage.
You hit the bullfrog skeleton.
The bullfrog skeleton is severely damaged.
The bullfrog skeleton hits you but does no damage. x2
You barely miss the bullfrog skeleton.
The bullfrog skeleton is severely damaged.
The bullfrog skeleton barely misses you.
You puncture the bullfrog skeleton!
The bullfrog skeleton is almost destroyed.
The bullfrog skeleton completely misses you.
You hit the bullfrog skeleton.
You destroy the bullfrog skeleton!
Trog accepts your kill.
You have reached level 6!
Your experience leads to an increase in your attributes!
Increase (S)trength, (I)ntelligence, or (D)exterity?
You feel stronger.
Your demonic ancestry asserts itself...
You feel resistant to cold.
Are you sure you want to abandon this character and quit the game? (Confirm with "yes".)

······· ·····
····· ···▒ ···▒
▒·· ▒·▒ ▒@▒▒
▒▒··▒▒▒▒··
▒▒▒▒·)·······
▒▒▒▒▒···†·)······
▒···········▒▒▒▒·
·······<···▒▒
···$·······▒
▒·········▒▒
▒▒▒········▒


There were no monsters in sight!

Vanquished Creatures
  2 orc priests (D:3)
  A bullfrog skeleton (D:4)
  An orc wizard (D:4)
  A worker ant (D:2)
  6 adders (D:2)
  2 worms
  A dart slug (D:3)
  A leopard gecko (D:2)
  12 orcs
  2 giant cockroaches (D:2)
  8 goblins
  5 hobgoblins
  7 jackals
  2 quokkas (D:2)
  A ball python (D:2)
  5 bats
  3 frilled lizards
  8 kobolds
  7 rats
75 creatures vanquished.

Notes
Turn   | Place    | Note
-------+----------+-------------------------------------------
     0 | D:1      | Azzok the Demonspawn Berserker began the quest for the Orb.
     0 | D:1      | Reached XP level 1. HP: 18/18 MP: 1/1
   448 | D:1      | Reached skill level 3 in Axes
   781 | D:1      | Gained mutation: You have sharp toenails. [demonic
                  | ancestry]
   781 | D:1      | Reached XP level 2. HP: 24/24 MP: 2/2
   925 | D:2      | Reached skill level 4 in Axes
   925 | D:2      | Reached XP level 3. HP: 28/29 MP: 3/3
   944 | D:2      | Reached ** piety under Trog
  1712 | D:2      | Gained mutation: You are partially covered in yellow
                  | scales. (AC +2) [demonic ancestry]
  1712 | D:2      | Reached XP level 4. HP: 29/35 MP: 4/4
  2365 | D:2      | Reached skill level 5 in Axes
  2790 | D:3      | Gained mutation: When hurt, damage is shared between your
                  | health and your magic reserves. [demonic ancestry]
  2790 | D:3      | Reached XP level 5. HP: 10/41 MP: 5/5
  3236 | D:3      | Reached *** piety under Trog
  3295 | D:4      | Reached skill level 6 in Axes
  3315 | D:4      | Gained mutation: Your flesh is cold resistant. (rC+)
                  | [demonic ancestry]
  3315 | D:4      | Reached XP level 6. HP: 47/47 MP: 6/6
  3316 | D:4      | Quit the game

Illustrated notes

Levels and vault maps discovered:
D:1:      dpeg_arrival_round_b, layout_basic
D:2:      layout_loops_ring, chequers_serial_rivers_room_b,
          supply_closet_lemuel, minmay_pentomino_p4
D:3:      corexii_shack_village, layout_rooms, minitemple, kennysheep_path_1,
          minmay_quadrilaterals
D:4:      layout_layer_cave, amethyst_overflow_temple_binary,
          gup_sewer_entry_glass, serial_shops, shop

Skill      XL: |  1  2  3  4  5 |
---------------+----------------+-----
Axes           | 3 4 5 6 |  6.2
Fighting       | |  3.0
Armour         | |  1.7
Dodging        | |  1.7

Action                   |  1- 3 |  4- 6 || total
-------------------------+-------+-------++-------
Melee: Hand axe          |    93 |    46 ||   139
       Kick              |    12 |    34 ||    46
       Dagger            |       |   100 ||   100
Invok: Berserk           |     1 |       ||     1
Armor: Chain mail        |    62 |    92 ||   154
       Animal skin       |     2 |       ||     2
Dodge: Dodged            |    39 |    72 ||   111

Table legend: (Time is in decaauts)
 A = Elapsed time spent in this place.
 B = Non-inter-level travel time spent in this place.
 C = Inter-level travel time spent in this place.
 D = Time resting spent in this place.
 E = Time spent auto-exploring this place.
 F = Levels seen in this place.
 G = Mean time per level.
                   A        B        C        D        E       F      G
               +--------+--------+--------+--------+--------+-----+--------+
         Total |   3339 |   3274 |     65 |    407 |   2342 |   4 |  834.8 |
       Dungeon |   3339 |   3274 |     65 |    407 |   2342 |   4 |  834.8 |
               +--------+--------+--------+--------+--------+-----+--------+

Top non-repeatable levels by time:
     D:2: 1864 daAuts
     D:1: 890 daAuts
     D:3: 556 daAuts
     D:4: 27 daAuts
